 Dungeon Crawl Stone Soup version 0.11-a0-1975-gb2ae569 (console) character file.

6083 vogonpoet the Grappler (level 10, 0/63 (69) HPs)
             Began as a Ghoul Venom Mage on May 22, 2012.
             Was a High Priest of Kikubaaqudgha.
             Slain by a black draconian zombie (8 damage)
             ... in the Abyss on May 23, 2012.
             The game lasted 01:24:35 (11554 turns).

vogonpoet the Grappler (Ghoul Venom Mage)          Turns: 11554, Time: 01:24:35

HP   0/63 (69)   AC  8     Str 13      XL: 10   Next: 69%
MP  20/20        EV 12     Int 19      God: Kikubaaqudgha [*****.]
Gold 549         SH  0     Dex  9      Spells:  5 memorised,  6 levels left

Res.Fire  : . . .   See Invis. : .     - Unarmed
Res.Cold  : + . .   Warding    : .   U - +2 orc robe
Life Prot.: + + +   Conserve   : .   (no shield)
Res.Poison: +       Res.Corr.  : .   e - +2 dwarf golden helmet
Res.Elec. : .       Clarity    : .   G - +0 elf cloak
Sust.Abil.: . .     Spirit.Shd : .   (no gloves)
Res.Mut.  : .       Stasis     : .   (no boots)
Res.Rott. : +       Ctrl.Telep.: x   x - amulet of controlled flight
Saprovore : + + +   Levitation : .   (no ring) Ctrl.Flight: +
                                     E - +6 ring of intelligence

@: rotting, somewhat resistant to hostile enchantments, fairly stealthy
A: rotting body, claws 1, carnivore 3, cold resistance 1, life protection 3,
poison resistance, saprovore 3, slow healing 1, torment resistance, unbreathing
a: Receive Corpses, Torment, Renounce Religion


You were in the Abyss.
You worshipped Kikubaaqudgha.
Kikubaaqudgha was extremely pleased with you.
You were not hungry.

You visited 3 branches of the dungeon, and saw 12 of its levels.
You visited the Abyss 1 time.
You also visited: Sewer.

You collected 529 gold pieces.

Inventory:

Hand weapons
 a - a +1,+0 elven sabre of speed
 g - a -1,+1 orcish dagger
 N - a +1,+0 dwarven dagger
 S - a +3 blowgun
 T - a +0,+1 dwarven crossbow
Missiles
 i - 67 darts (quivered)
 t - 8 curare-tipped needles
 u - 2 +0 throwing nets
 A - 3 darts of dispersal
 D - 17 poisoned needles
Armour
 e - a +2 dwarven golden helmet (worn)
 n - a +0 spiked helmet
 o - a +0 cloak
 G - a +0 elven cloak (worn)
 J - a +0 cloak
 K - a +0 cloak
 L - a +1 elven robe
 U - a +2 orcish robe (worn)
Magical devices
 w - a wand of disintegration (9) {unknown}
 F - a wand of magic darts (10)
 H - a wand of disintegration (15) {unknown}
 M - a wand of flame (7) {unknown}
Comestibles
 b - a slice of pizza
 m - 2 meat rations
Scrolls
 c - 5 scrolls of remove curse
 h - a scroll of teleportation
 q - 4 scrolls of amnesia
 r - 4 scrolls of identify
 y - 2 scrolls of enchant weapon I
 I - a scroll of magic mapping
 O - 2 scrolls of fog
 Q - a scroll of enchant armour
Jewellery
 x - an amulet of controlled flight (around neck)
 E - a +6 ring of intelligence (left claw)
Potions
 d - a potion of berserk rage
 k - a potion of levitation {unknown}
 l - 5 potions of curing
 p - a potion of agility
 z - 2 potions of restore abilities {unknown}
 B - a potion of slowing
 C - 3 potions of might {unknown}
Books
 f - a book of the Tempests

   Spells                             Type                      Level
   Static Discharge                   Conjuration/Air              3
   Lightning Bolt                     Conjuration/Air              5
   Fireball                           Conjuration/Fire             5
   Tornado                            Air                          9
   Shatter                            Earth                        9
 R - Kikubaaqudgha's Compendium of Evil {god gift, }
   (Kikubaaqudgha gifted it to you in a sewer)

   Spells                             Type                      Level
   Animate Dead                       Necromancy                   4
   Excruciating Wounds                Charms/Necromancy            5
   Agony                              Necromancy                   5
   *Dispel Undead                     Necromancy                   5
   Bolt of Draining                   Conjuration/Necromancy       6
 W - Kikubaaqudgha's Disquisition on Unholy Rites {god gift, }
   (Kikubaaqudgha gifted it to you on level 4 of the Dungeon)

   Spells                             Type                      Level
   *Pain                              Necromancy                   1
   Lethal Infusion                    Charms/Necromancy            2
   Sublimation of Blood               Necromancy                   2
   *Regeneration                      Charms/Necromancy            3
   Control Undead                     Necromancy                   4
Magical staves
 j - a staff of cold {unknown}


   Skills:
 - Level 1.7 Dodging
 - Level 2.2 Stealth
 - Level 10.0 Unarmed Combat
 - Level 5.0 Spellcasting
 - Level 2.3 Conjurations
 * Level 2.6 Charms
 + Level 8.1 Necromancy
 - Level 2.1 Air Magic
 - Level 5.4 Poison Magic


You had 6 spell levels left.
You knew the following spells:

 Your Spells              Type           Power        Failure   Level  Hunger
a - Sting                 Conj/Pois      ####.        2%          1    None
b - Mephitic Cloud        Conj/Pois/Air  ####.....    12%         3    ###....
c - Pain                  Necr           #####        1%          1    None
d - Regeneration          Chrm/Necr      #####.....   4%          3    ###....
e - Dispel Undead         Necr           ######...    14%         5    #####..


Dungeon Overview and Level Annotations

Branches:
Dungeon (10/27)            Temple (1/1) D:4             Orc (1/4) D:8
   Lair: D:8-13

Altars:
Ashenzari
Elyvilon
Fedhas
Kikubaaqudgha
Okawaru
Sif Muna
Vehumet
Xom
Zin

Shops:
D:4: (%=+ D:5: % D:9: [

Annotations
D:10 Harold


Innate Abilities, Weirdness & Mutations

Your body is rotting away.
You have sharp fingernails.
You are carnivorous and can eat meat at any time.
Your flesh is cold resistant.
You are immune to negative energy.
Your system is resistant to poisons.
You thrive on rotten meat.
You heal slowly.
You are immune to unholy pain and torment.
You can survive without breathing.


Message History

The smoke demon hits you but does no damage.
The smoke demon barely misses you. The smoke demon hits you.
You barely miss the smoke demon.
The smoke demon is heavily wounded.
The black draconian zombie hits you! The smoke demon hits you.
The smoke demon misses you.
The smoke demon hits you but does no damage.
You hit the smoke demon.
The smoke demon is heavily wounded.
The smoke demon hits you but does no damage.
The smoke demon hits you. The smoke demon completely misses you.
You barely miss the smoke demon.
The smoke demon is heavily wounded.
The black draconian zombie hits you!
* * * LOW HITPOINT WARNING * * *
You closely miss the smoke demon. Your punch misses the smoke demon.
The smoke demon is heavily wounded.
The black draconian zombie hits you!
You die...
Kikubaaqudgha rasps: "You have failed me!
Welcome... oblivion!"

##..###. # . ## ##.≈≈
≈§§§ .
#.##..≈≈≈≈≈≈≈≈. .
..... ≈#≈≈≈≈ §. .
#...≈≈≈#≈≈≈ . ..
##.≈≈≈≈# .. .. . ###
#.≈≈≈≈≈... . .
#####.#.### ##z ≈
###..@3.# ###.# #.≈
≈.
#§......z≈####.z§##..
## ####....≈≈≈## .. .
.# #....§§§§≈### . ≈≈
#....≈§§§≈≈≈##≈≈.≈≈#
§.....≈§### #≈≈ ≈
≈≈≈§§≈.... #≈≈
≈≈§§≈..# # ..## ≈
≈≈§§... . ..


You could see a smoke demon and a black draconian zombie.

Vanquished Creatures
  A hill giant (D:6)
  Eustachio (D:9)
  A hippogriff (D:8)
  A neqoxec (Abyss)
  A small abomination (Abyss)
  5 sky beasts
  6 orc warriors
  2 ice beasts
  3 ogres
  3 phantoms
  Duvessa (D:7)
  2 water moccasins
  4 giant frogs
  A basilisk skeleton (D:8)
  6 killer bees
  An inept item mimic (D:4)
  A big kobold zombie (D:6)
  A goliath beetle (D:7)
  2 jellyfish (D:8)
  An inept feature mimic (D:4)
  2 shadows
  Dowan (D:7)
  4 wights (D:7)
  6 crimson imps
  2 big kobold skeletons
  7 orc priests
  11 worker ants
  4 hounds
  9 orc wizards
  4 scorpions (D:4)
  2 worker ant zombies
  Ijyb (D:6)
  6 jellies
  A green rat (D:9)
  A giant centipede zombie (D:8)
  An iguana skeleton (D:3)
  2 lemures (Abyss)
  12 adders
  2 midges (Abyss)
  A white imp (Abyss)
  20 giant mites
  7 worms
  17 giant geckos
  39 orcs
  29 bats
  23 giant cockroaches
  15 goblins
  19 hobgoblins
  10 jackals
  2 quokkas
  15 ball pythons
  12 giant newts
  A hobgoblin skeleton (D:7)
  8 kobolds
  A kobold skeleton (D:5)
  2 orc skeletons
  2 quokka skeletons
  12 rats
  A fungus (D:4)
  2 toadstools
360 creatures vanquished.

Vanquished Creatures (others)
  Crazy Yiuf (D:7)
  An orc (D:7)
  A bat (D:7)
  A giant newt (D:1)
  A giant spore (D:7)
  A fungus (D:4)
6 creatures vanquished.

Grand Total: 366 creatures vanquished

Notes
Turn   | Place    | Note
--------------------------------------------------------------
     0 | D:1      | vogonpoet, the Ghoul Venom Mage, began the quest for the Orb.
     0 | D:1      | Reached XP level 1. HP: 14/14 MP: 3/3
   212 | D:1      | Reached skill level 1 in Conjurations
   251 | D:1      | Killed monsters: 0 trivial, 7 easy, 0 tough, 0 nasty; 2 corpses
   251 | D:1      | Reached XP level 2. HP: 14/19 MP: 4/4
   290 | D:1      | Reached skill level 1 in Unarmed Combat
   927 | D:2      | Killed monsters: 7 trivial, 9 easy, 0 tough, 0 nasty; 8 corpses
   927 | D:2      | Reached XP level 3. HP: 26/26 MP: 2/5
  1577 | D:3      | Learned a level 3 spell: Mephitic Cloud
  1764 | D:3      | Reached skill level 1 in Air Magic
  1881 | D:3      | Killed monsters: 13 trivial, 4 easy, 0 tough, 0 nasty; 13 corpses
  1881 | D:3      | Reached XP level 4. HP: 27/33 MP: 3/6
  2465 | D:4      | Found Semar's Food Boutique.
  2470 | D:4      | Found Haucazoa's Antique Weapon Emporium.
  2696 | D:4      | Reached skill level 5 in Poison Magic
  2696 | D:4      | Killed monsters: 11 trivial, 4 easy, 2 tough, 0 nasty; 8 corpses
  2696 | D:4      | Reached XP level 5. HP: 24/38 MP: 1/7
  2925 | D:4      | Found a staircase to the Ecumenical Temple.
  3019 | D:4      | Killed monsters: 6 trivial, 0 easy, 3 tough, 0 nasty; 1 corpses
  3019 | D:4      | Reached XP level 6. HP: 17/45 MP: 8/8
  3023 | Temple   | Entered the Ecumenical Temple
  3043 | Temple   | Became a worshipper of Kikubaaqudgha
  3179 | D:4      | Found Jadgheje's Book Emporium.
  3380 | D:4      | Found Cauhobayna's Jewellery Shop.
  4004 | D:4      | Acquired Kikubaaqudgha's first power
  4004 | D:4      | Received a gift from Kikubaaqudgha
  4004 | D:4      | Reached skill level 5 in Unarmed Combat
  4008 | D:4      | Got a conspicuous book {god gift}
  4020 | D:4      | Killed monsters: 14 trivial, 3 easy, 7 tough, 0 nasty; 17 corpses
  4020 | D:4      | Reached XP level 7. HP: 35/50 MP: 1/8
  4095 | D:4      | Identified Kikubaaqudgha's Disquisition on Unholy Rites {god gift} (Kikubaaqudgha gifted it to you on level 4 of the Dungeon)
  4097 | D:4      | Learned a level 1 spell: Pain
  4306 | D:4      | Reached skill level 1 in Necromancy
  4360 | D:5      | Entered Level 5 of the Dungeon
  4801 | D:5      | Found a glowing silver altar of Zin.
  4871 | D:5      | Reached skill level 6 in Unarmed Combat
  4941 | D:5      | Found Steuno's Food Emporium.
  5088 | D:5      | Killed monsters: 15 trivial, 7 easy, 5 tough, 0 nasty; 12 corpses
  5088 | D:5      | Reached XP level 8. HP: 39/57 MP: 7/10
  5162 | D:5      | Reached skill level 7 in Unarmed Combat
  5263 | D:5      | Found a glowing drain.
  5274 | D:5      | Acquired Kikubaaqudgha's second power
  5325 | Sewer    | Entered a sewer
  6081 | Sewer    | Received a gift from Kikubaaqudgha
  6081 | Sewer    | Reached skill level 8 in Unarmed Combat
  6082 | Sewer    | Got a droning book {god gift}
  6083 | Sewer    | Identified Kikubaaqudgha's Compendium of Evil {god gift} (Kikubaaqudgha gifted it to you in a sewer)
  6765 | D:6      | Noticed Ijyb
  6785 | D:6      | Killed Ijyb
  6893 | D:6      | Killed monsters: 64 trivial, 29 easy, 7 tough, 0 nasty; 46 corpses
  6893 | D:6      | Reached XP level 9. HP: 55/62 MP: 8/13
  6903 | D:6      | Acquired Kikubaaqudgha's third power
  6978 | D:6      | Reached skill level 9 in Unarmed Combat
  7053 | D:5      | Learned a level 3 spell: Regeneration
  7178 | D:6      | Found a deep blue altar of Sif Muna.
  7243 | D:6      | Noticed a hill giant
  7256 | D:6      | HP: 2/61 [hill giant/runed great mace (15)]
  7599 | D:6      | Killed a hill giant
  7860 | D:6      | Learned a level 5 spell: Dispel Undead
  7875 | D:7      | Noticed Dowan
  7876 | D:7      | Noticed Duvessa
  7895 | D:7      | Killed Dowan
  7931 | D:7      | Killed Duvessa
  8192 | D:7      | Found a white marble altar of Elyvilon.
  8387 | D:7      | Reached skill level 5 in Necromancy
  8771 | D:7      | Noticed Crazy Yiuf
  8781 | D:7      | Killed Crazy Yiuf
  9027 | D:7      | Killed monsters: 30 trivial, 23 easy, 11 tough, 1 nasty; 14 corpses
  9027 | D:7      | Reached XP level 10. HP: 52/69 MP: 5/16
 10237 | D:8      | Found a staircase to the Orcish Mines.
 10290 | Orc:1    | Entered Level 1 of the Orcish Mines
 10312 | Orc:1    | Acquired Kikubaaqudgha's fourth power
 10340 | D:8      | Upgraded the game from 0.11-a0-1934-g0dc9e00 to 0.11-a0-1975-gb2ae569
 10490 | D:9      | Found a shattered altar of Ashenzari.
 10537 | D:9      | Reached skill level 10 in Unarmed Combat
 10592 | D:9      | Noticed Eustachio
 10615 | D:9      | Killed Eustachio
 10701 | D:9      | Reached skill level 1 in Charms
 10863 | D:9      | Found Wetaaf's Armour Boutique.
 10972 | D:9      | Reached skill level 5 in Spellcasting
 11097 | D:10     | Entered Level 10 of the Dungeon
 11198 | D:10     | Noticed Harold
 11217 | D:10     | Cast into the Abyss (Harold)
 11319 | Abyss    | Noticed an eidolon
 11496 | Abyss    | Noticed a black draconian zombie
 11554 | Abyss    | Slain by a black draconian zombie
 11554 | Abyss    | Killed monsters: 36 trivial, 24 easy, 14 tough, 0 nasty; 23 corpses
